 Dungeon Sprint DCSS version 0.17-a0-1655-g88a8506 (webtiles) character file.

755 nuthulu the Grappler (level 7, -1/81 HPs)
             Began as a Troll Berserker on Aug 15, 2015.
             Was an Elder of Trog.
             Slain by a kraken (37 damage)
             ... in the Dungeon (Sprint II: "The Violet Keep of Menkaure").
             The game lasted 00:03:15 (420 turns).

nuthulu the Grappler (Troll Berserker)               Turns: 420, Time: 00:03:15

Health: -1/81      AC: 11    Str: 26    XL:     7   Next: 49%
Magic:  6/6        EV: 13    Int:  3    God:    Trog [****..]
Gold:   80         SH:  0    Dex: 11    Spells: 0 memorised, 6 levels left

rFire  . . .     SeeInvis .       - Unarmed
rCold  . . .     Clarity  .     i - +1 troll leather armour of Birdsong {rN+ Regen+}
rNeg   + . .     SustAt   .     (no shield)
rPois  .         Gourm    +     (helmet restricted)
rElec  .         Spirit   .     j - +2 cloak
rCorr  .         Warding  .     (gloves unavailable)
rMut   .         NoTele   +     (boots unavailable)
MR     .....                    (no amulet)
Stlth  +.........               (no ring)
                                (no ring)

@: not resistant to hostile enchantments, very unstealthy
A: unfitting armour, claws 3, fast metabolism 3, gourmand, regeneration 2,
shaggy fur 1, tough skin 2
a: Burn Spellbooks, Berserk, Trog's Hand, Brothers in Arms, Renounce Religion


You were in the Dungeon.
You worshipped Trog.
Trog was greatly pleased with you.
You were very full.

You visited 1 branch You collected 972 gold pieces.
You spent 892 gold pieces at shops.

Inventory:

Armour
 a - a +0 animal skin
 i - the +1 troll leather armour of Birdsong (worn) {rN+ Regen+}
   (You bought it in a shop in the Dungeon)

   It protects you from negative energy.
   It increases your rate of regeneration.
 j - a +2 cloak (worn)
Scrolls
 h - a scroll of blinking
Potions
 d - 3 potions of heal wounds
 e - a potion of haste
 f - 2 potions of magic
 g - a potion of berserk rage
Comestibles
 b - 2 bread rations
 c - a chunk of flesh


   Skills:
 + Level 8.4 Fighting
 + Level 8.5 Dodging
 + Level 10.0 Unarmed Combat


You had 6 spell levels left.
You didn't know any spells.

Dungeon Overview and Level Annotations

Branches:
Dungeon (1/1)

Altars:

Shops:
D ::(}[=[%!?**=:![

Annotations:
D exclusion: oklob plant


Innate Abilities, Weirdness & Mutations

You are too large for most types of armour.
You have claws for hands.
Your metabolism is lightning-fast.
You like to eat raw meat.
You heal very quickly.
You are covered in fur (AC +1).
You have very tough skin (AC +2).


Message History

Your ogre hits the tentacle with a giant club!!!
The tentacle slaps your ogre!! The tentacle slaps your ogre!
Your ogre dies!
Your ogre's corpse disappears in a puff of smoke!
The tentacle is engulfed in a cloud of scalding steam.
The tentacle barely misses you.
The tentacle slaps you but does no damage.
Unknown command.
You scratch the tentacle but do no damage.
The tentacle is severely wounded.
The tentacle misses you. The tentacle slaps you.
The tentacle is engulfed in a cloud of scalding steam.
Tentacles burst out of the water!
The kraken bites you!!
You scratch the kraken but do no damage.
The kraken is lightly wounded.
You are engulfed in a cloud of scalding steam.
The tentacle is engulfed in a cloud of scalding steam.
The tentacle slaps you! The kraken bites you!!!
You die...

##≈≈≈.........#
.#≈≈≈≈.##+##..#
.#≈≈≈≈###.###.####
.#≈≈≈≈#..#..#....#
.#≈≈####.#.####..##
.#≈##.###'###.##..#
.#≈#..###.##.###..#
.+≈+†##'.<.+##.+.§###
.#≈#.#†##.##...#@w§.#
##≈##.###'###.##Xww...≈≈
##≈≈####.#.####≈{*..§.≈#
##≈≈≈#.###.# ≈≈≈w≈≈§.≈#
+#≈##.#.##≈≈§≈≈§≈≈.≈# z#
≈≈##+##≈≈≈§§§§§§≈≈# ≈.
≈≈ ≈≈≈≈§≈§§≈≈≈≈# ≈.
+++#≈≈§§§≈§§§#


You could see a kraken and 4 tentacles.

Vanquished Creatures
  2 hippogriffs (D)
  Menkaure (D)
  4 brain worms (D)
  4 worker ants (D)
  3 worms (D)
14 creatures vanquished.

Vanquished Creatures (others)
  4 tentacles (D)
  85 tentacle segments (D)
89 creatures vanquished.

Grand Total: 103 creatures vanquished

Notes
Turn   | Place    | Note
--------------------------------------------------------------
     0 | D        | nuthulu the Troll Berserker began the quest for the Orb.
     0 | D        | Reached XP level 1. HP: 22/22 MP: 0/0
     1 | D        | Noticed a brain worm
    18 | D        | Acquired Trog's second power
    20 | D        | Reached XP level 2. HP: 9/31 MP: 1/1
    78 | D        | Noticed a hippogriff
    78 | D        | Noticed a hippogriff
    82 | D        | Noticed a worker ant
    82 | D        | Noticed a worker ant
    82 | D        | Noticed a worker ant
    82 | D        | Noticed a worker ant
    87 | D        | Killed a worker ant
    87 | D        | Reached skill level 4 in Unarmed Combat
    87 | D        | Reached XP level 3. HP: 25/39 MP: 2/2
    91 | D        | Killed a worker ant
    91 | D        | Reached skill level 5 in Unarmed Combat
    96 | D        | Killed a worker ant
    96 | D        | Reached XP level 4. HP: 9/49 MP: 3/3
   103 | D        | Killed a worker ant
   103 | D        | Reached skill level 5 in Fighting
   103 | D        | Reached skill level 5 in Dodging
   103 | D        | Reached skill level 6 in Unarmed Combat
   197 | D        | Noticed a brain worm
   199 | D        | Killed a brain worm
   199 | D        | Reached skill level 7 in Unarmed Combat
   199 | D        | Reached XP level 5. HP: 56/59 MP: 4/4
   204 | D        | Killed a brain worm
   204 | D        | Acquired Trog's third power
   207 | D        | Noticed a brain worm
   207 | D        | Noticed a brain worm
   209 | D        | Killed a brain worm
   209 | D        | Reached skill level 8 in Unarmed Combat
   209 | D        | Reached XP level 6. HP: 61/68 MP: 5/5
   212 | D        | Killed a brain worm
   248 | D        | Killed a hippogriff
   248 | D        | Reached skill level 9 in Unarmed Combat
   248 | D        | Reached XP level 7. HP: 60/79 MP: 6/6
   252 | D        | Killed a hippogriff
   307 | D        | Found Qaewamun's Jewellery Boutique.
   307 | D        | Found Esuzaich's Distillery.
   307 | D        | Found Ekolilif's General Store.
   308 | D        | Found Kilenouh's Armour Shop.
   308 | D        | Found Rymoch's Assorted Antiques.
   308 | D        | Found Tenolam's Magic Scroll Boutique.
   308 | D        | Found Gikozaf's Distillery.
   308 | D        | Found Ukhub's Food Boutique.
   309 | D        | Found Bewnacso's Jewellery Boutique.
   309 | D        | Found Foujas Xou's Antique Armour Shop.
   309 | D        | Noticed a black bear
   310 | D        | Found Saxoheom's Book Shop.
   310 | D        | Found Gom Zoip's Antique Armour Boutique.
   311 | D        | Found Wowub's Gadget Boutique.
   311 | D        | Found Raamuloy's Antique Weapon Shop.
   311 | D        | Noticed Menkaure
   311 | D        | Noticed a black bear
   311 | D        | Noticed a black bear
   311 | D        | Noticed an oklob plant
   312 | D        | Found Bodic's Book Shoppe.
   312 | D        | Found Woad's Book Boutique.
   312 | D        | Noticed a spiny frog
   313 | D        | Noticed a spiny frog
   325 | D        | Killed Menkaure
   325 | D        | Reached skill level 10 in Unarmed Combat
   333 | D        | Noticed a shining eye
   334 | D        | Noticed a shining eye
   335 | D        | Noticed a flying skull
   337 | D        | Bought a steaming troll leather armour for 500 gold pieces
   347 | D        | Identified the +1 troll leather armour of Birdsong {rN+ Regen+} (You bought it in a shop in the Dungeon)
   353 | D        | Bought a potion of heal wounds for 65 gold pieces
   353 | D        | Bought a potion of heal wounds for 65 gold pieces
   365 | D        | Noticed a flying skull
   366 | D        | Bought a cloak for 112 gold pieces
   371 | D        | Noticed a shining eye
   371 | D        | Noticed a flying skull
   379 | D        | Bought a scroll of enchant armour for 75 gold pieces
   379 | D        | Bought a scroll of enchant armour for 75 gold pieces
   401 | D        | Noticed an obsidian statue
   409 | D        | Noticed a kraken
   420 | D        | Slain by a kraken

Vault maps used:
D:        the_violet_keep_of_menkaure

Action                   |  1- 3 |  4- 6 |  7- 9 || total
-------------------------+-------+-------+-------++-------
Melee: Unarmed           |    26 |    24 |     9 ||    59
Invok: Trog's Hand       |       |       |     1 ||     1
       Brothers in Arms  |       |       |     1 ||     1
  Use: Potion            |       |     1 |       ||     1
       Scroll            |       |       |     2 ||     2
  Eat: Chunk             |       |     6 |     2 ||     8
